 Dungeon Crawl Stone Soup version 0.30.0-3-ga4e48a9924 (webtiles) character file.

Game seed: 9471927690064899115

20683 Daunt the Grappler (level 12, -4/120 HPs)
             Began as a Troll Wanderer on May 6, 2023.
             Was a Follower of Yredelemnul.
             Slain by Snorg (9 damage)
             ... on level 11 of the Dungeon on May 7, 2023.
             The game lasted 00:54:18 (9867 turns).

Daunt the Grappler (Troll Wanderer)                 Turns: 9867, Time: 00:54:19

Health: -4/120     AC:  5    Str: 23    XL:     12   Next: 47%
Magic:  14/14      EV: 12    Int:  7    God:    Yredelemnul [*.....]
Gold:   759        SH:  5    Dex: 14    Spells: 13/13 levels left

rFire   . .          .
                       - Unarmed
rCold   + . .        (no shield)
rNeg    + . .        I - +1 robe {rC+}
rPois   .            V - +0 hat
rElec   .            (no cloak)
rCorr   .            (gloves unavailable)
SInv    .            (boots unavailable)
Will    .....        L - amulet of reflection
Stlth   +            h - ring of positive energy
HPRegen 1.20/turn    (no ring)
MPRegen 0.14/turn

%: reflection
@: mighty
A: large, unfitting armour, claws 3, regeneration 1, shaggy fur 1, tough skin 1
a: Renounce Religion, Recall Undead Harvest


You were on level 11 of the Dungeon.
You worshipped Yredelemnul.
Yredelemnul was noncommittal.
You visited 1 branch of the dungeon, and saw 11 of its levels.
You also visited: Bailey.

You collected 849 gold pieces.
You spent 90 gold pieces at shops.

Inventory:

Hand Weapons
 t - the +1 whip "Zoubor" {flame, rF+ Int+3}
   (You took it off Robin on level 3 of the Dungeon)

   Int:       It affects your intelligence (+3).
   rF:        It protects you from fire.
 P - a +1 demon whip of venom
Missiles
 b - 6 poisoned darts
 q - 2 large rocks
 r - 102 stones (quivered)
 B - 2 boomerangs of dispersal
 D - 5 boomerangs
 K - a curare-tipped dart
 S - 2 throwing nets
Armour
 I - a +1 robe of cold resistance (worn)
 V - a +0 hat (worn)
Jewellery
 h - a ring of positive energy (left claw)
 n - an amulet of the acrobat
 L - an amulet of reflection (around neck)
Wands
 e - a wand of charming (11)
 j - a wand of polymorph (3)
 A - a wand of digging (1)
 F - a wand of mindburst (14)
 N - a wand of acid (5)
 U - a wand of flame (7)
Scrolls
 l - 2 scrolls of fog
 m - 4 scrolls of magic mapping
 p - 2 scrolls of enchant armour
 s - 2 scrolls of immolation
 u - 4 scrolls of teleportation
 v - a scroll of torment
 w - a scroll of butterflies {unknown}
 x - 5 scrolls of fear
 y - a scroll of enchant weapon {unknown}
 G - 2 scrolls of vulnerability {unknown}
 J - a scroll of noise {unknown}
 M - a scroll of blinking {unknown}
 T - a scroll of brand weapon {unknown}
Potions
 a - a potion of resistance
 c - 2 potions of haste
 d - 4 potions of heal wounds
 f - 8 potions of degeneration {unknown}
 g - 2 potions of magic
 k - 8 potions of curing
 o - a potion of might
 z - a potion of ambrosia
 C - 4 potions of attraction {unknown}
 E - a potion of lignification {unknown}
 H - a potion of invisibility
 O - 2 potions of mutation {unknown}
 Q - a potion of brilliance {unknown}
Miscellaneous
 R - a phial of floods


   Skills:
 + Level 8.2 Fighting
 - Level 1.0 Polearms
 + Level 6.3 Throwing
 + Level 6.9 Dodging
 + Level 13.5 Unarmed Combat
 - Level 1.0 Spellcasting
 + Level 5.0 Invocations
 - Level 4.6 Evocations


You had 13 spell levels left.
You didn't know any spells.
Your spell library contained the following spells:

 Spells                   Type           Power      Damage    Failure   Level
 Beastly Appendage        Tmut           0%         N/A       38%         1
 Magic Dart               Conj           0%         1d3       38%         1
 Call Imp                 Summ           0%         N/A       54%         2
 Cigotuvi's Dreadful Rot  Necr/Pois/Air  0%         N/A       54%         2
 Wereblood                Tmut           0%         N/A       54%         2
 Mephitic Cloud           Conj/Pois/Air  0%         N/A       77%         3
 Spider Form              Tmut/Pois      0%         N/A       77%         3
 Dispel Undead            Necr           0%         3d6       99%         4
 Death Channel            Necr           Unusable   N/A       N/A         6

Dungeon Overview and Level Annotations

Branches:
Dungeon (11/15)            Temple (0/1) D:6            Lair (0/5) D:9
    Orc (0/2) D:10         Bailey (visited)

Altars:
Gozag
Yredelemnul

Shops:
D:2 :   D:4 :   D:9 (

Annotations:
D:11 Snorg


Innate Abilities, Weirdness & Mutations

You are too large for most types of armour.
You have claws for hands.
Your natural rate of healing is unusually fast.
You are covered in fur. (AC +1)
You have tough skin. (AC +1)


Message History

You kill the cyclops!
You hear a shout!
Your Invocations skill increases to level 5!
Unknown command.
Unknown command.
You mangle Snorg!! Your claw misses Snorg.
Snorg is lightly wounded.
Snorg completely misses you. You block Snorg's attack. Snorg claws you!
You claw Snorg!
Snorg is moderately wounded.
Snorg bites you. Snorg claws you.
* * * LOW HITPOINT WARNING * * *
Snorg closely misses you.
Unknown command.
Unknown command.
You barely miss Snorg. You claw Snorg.
Snorg is moderately wounded.
You carefully extract the barbed spikes from your body.
Snorg closely misses you. Snorg claws you.
* * * LOW HITPOINT WARNING * * *
Snorg claws you!
* * * LOW HITPOINT WARNING * * *
Snorg bites you.
* * * LOW HITPOINT WARNING * * *
Snorg closely misses you. Snorg barely misses you.
Unknown command.
Unknown command.
You feel much better.
Your troll zombie bites Snorg.
Your troll zombie claws Snorg.
Your troll zombie claws Snorg!
Snorg bites your troll zombie! Snorg claws your troll zombie! x2
A stone giant comes into view.
Unknown command.
Unknown command.
You claw Snorg!
Snorg is heavily wounded.
Snorg bites you!!
* * * LOW HITPOINT WARNING * * *
Snorg claws you but does no damage. Snorg claws you!
You die...
Your body rises from the dead as a mindless zombie.

.#....#.#.################...#
.#....#.#.#..#.#.#.*,,,,,#...#
.#.+###.##.#.#.#.#C*,,**,#.###
.#......#.#.#.#.#.#,*,,,,#.#
##......####.#Z.#.#,**,,*#.#
........#...#.#.#.#,*,,,,#.#
........#....#.#.Z#,**,,*#.#
..Z.....#####.#.#T#,*,,,,#.#
........#......#@#..#****###
#Z......#########)#.W..,*,** **
........#,,,*,*,*#.#...#,*,*****,
###.....#,*,,,,,*,#.#.#O#,,,,,,,*
........#,*,,,,,*,,#.#.#.,******,
#.......#,,,*,*,*,,,#.#..,*,*,*,,
........#,,******,,*☼#.#H,*,,,,,*
........#**,,,,,,,*,*,#.*,*,,,,,*
........#,,#####,*,*,,,*,**,*,*,,


You could see Snorg (berserk, ally target), a stone giant and a friendly troll
zombie.

Vanquished Creatures
  2 vault guards (Bailey)
  2 two-headed ogres (D:11)
  Amaemon (D:8)
  Pikel (D:6)
  A cyclops (D:11)
  2 ugly things (D:11)
  A manticore (D:11)
  Joseph (D:8)
  An orange demon (D:8)
  2 kobold demonologists
  A rime drake (D:9)
  An efreet (D:11)
  3 trolls
  A hornet (D:9)
  Prince Ribbit (D:8)
  A blink frog (Bailey)
  Sigmund (D:5)
  3 slime creatures (D:11)
  A shadow (D:11)
  A wyvern (D:8)
  23 yaks
  9 humans (Bailey)
  A steam dragon (D:7)
  Menkaure (D:4)
  Edmund (D:5)
  Duvessa (D:6)
  2 water moccasins
  2 orc warriors
  A black bear (D:6)
  A sky beast (D:8)
  5 ice beasts
  3 ogres
  3 centaurs
  A wolf (D:9)
  3 lemures (D:6)
  A kobold brigand (D:6)
  9 bullfrogs
  A scorpion (D:4)
  13 wights
  Dowan (D:6)
  5 killer bees (D:10)
  A howler monkey (D:6)
  4 electric eels (D:6)
  4 centaur zombies (D:9)
  A hound (D:5)
  3 orc priests
  A gnoll bouda (D:5)
  4 iguanas
  9 orc wizards
  Ijyb (D:5)
  A killer bee zombie (D:9)
  3 howler monkey zombies (D:9)
  Robin (D:3)
  37 gnolls
  5 adders
  2 shadow imps
  2 white imps
  An adder zombie (D:5)
  2 worms
  3 dart slugs
  24 orcs
  3 ball pythons
  2 bats (D:1)
  8 endoplasms
  5 giant cockroaches
  34 goblins
  26 hobgoblins
  3 jackals (D:2)
  21 kobolds
  5 quokkas
  3 frilled lizards
  5 rats
339 creatures vanquished.

Vanquished Creatures (collateral kills)
  A manticore (D:11)
  2 unseen horror zombies (D:9)
  A troll (D:10)
  Grinder (D:5)
  A wyvern (D:10)
  3 yaks
  An orc warrior (D:11)
  A wolf (D:9)
  A bullfrog (Bailey)
  A gnoll sergeant (D:9)
  2 wights (D:9)
  2 centaur zombies (D:9)
  A hound (D:5)
  An orc priest (D:9)
  A jelly (D:5)
  A gnoll bouda (D:3)
  An iguana (D:5)
  2 orc wizards
  A howler monkey zombie (D:9)
  2 adders
  A dart slug (D:2)
  9 orcs
  An endoplasm (D:4)
  A giant cockroach (D:4)
  A hobgoblin (D:6)
  A jackal (D:2)
  A kobold (D:3)
  A ball python (D:2)
  A frilled lizard (D:2)
  7 goblins
  A rat (D:1)
52 creatures vanquished.

Vanquished Creatures (others)
  An ugly thing zombie (D:11)
  A spectral two-headed ogre (D:11)
  A spectral orange demon (D:8)
  A two-headed ogre zombie (D:11)
  A spectral ice beast (D:10)
  3 yak zombies
  4 bullfrog zombies (Bailey)
  A spectral electric eel (D:6)
  2 elf zombies (D:6)
  An adder zombie (D:4)
  An iguana zombie (D:4)
  A spectral shadow imp (D:5)
  2 orcs (D:8)
  A giant cockroach zombie (D:4)
  6 gnoll zombies
  6 goblin zombies
  5 hobgoblin zombies
  A jackal zombie (D:2)
  6 kobold zombies
  11 orc zombies
  58 plants
  10 withered plants (D:9)
124 creatures vanquished.

Grand Total: 515 creatures vanquished

Notes
Turn   | Place    | Note
-------+----------+-------------------------------------------
     0 | D:1      | Daunt the Troll Wanderer began the quest for the Orb.
     0 | D:1      | Daunt set off with the following items: a +1 spear, a
                  | potion of berserk rage, a potion of haste, a potion of heal
                  | wounds, a +0 robe.
     0 | D:1      | Reached XP level 1. HP: 19/19 MP: 1/1
    15 | D:1      | Found a faded altar of an unknown god.
    29 | D:1      | Prayed at the altar of an unknown god.
    29 | D:1      | Became a worshipper of Yredelemnul the Dark
    29 | D:1      | Reached * piety under Yredelemnul
   218 | D:1      | Reached XP level 2. HP: 26/27 MP: 2/2
   272 | D:1      | Reached ** piety under Yredelemnul
   815 | D:2      | Reached skill level 5 in Unarmed Combat
   833 | D:2      | Found Jeajoil's Book Shop.
   853 | D:2      | Reached XP level 3. HP: 33/33 MP: 3/3
  1031 | D:2      | Reached XP level 4. HP: 39/41 MP: 4/4
  1264 | D:3      | Identified the +0 helmet "Gecu" {Rampage}
  1264 | D:3      | Noticed Robin
  1397 | D:3      | Reached skill level 6 in Unarmed Combat
  1432 | D:3      | Identified the +1 whip "Zoubor" {flame, rF+ Int+3}
  1437 | D:3      | Killed Robin
  1443 | D:3      | Reached XP level 5. HP: 48/48 MP: 5/5
  1582 | D:3      | Found a basalt altar of Yredelemnul.
  1595 | D:3      | Found an opulent altar of Gozag.
  1639 | D:3      | Reached skill level 7 in Unarmed Combat
  1643 | D:3      | Reached *** piety under Yredelemnul
  1874 | D:4      | Reached XP level 6. HP: 35/55 MP: 6/6
  2257 | D:4      | Noticed Menkaure
  2274 | D:4      | Killed Menkaure
  2324 | D:4      | Reached XP level 7. HP: 56/66 MP: 7/7
  2359 | D:4      | Found Ruskos's Tiny Tomes.
  2421 | D:4      | Reached skill level 8 in Unarmed Combat
  2753 | D:5      | Entered Level 5 of the Dungeon
  2956 | D:5      | Noticed Grinder
  2972 | D:5      | Paralysed by Grinder for 5 turns
  2981 | D:5      | Paralysed by Grinder for 3 turns
  2983 | D:5      | Killed Grinder
  2984 | D:5      | Reached XP level 8. HP: 12/78 MP: 8/8
  3009 | D:5      | Reached skill level 9 in Unarmed Combat
  3176 | D:5      | Noticed Edmund
  3187 | D:5      | Killed Edmund
  3192 | D:5      | Reached skill level 5 in Fighting
  3255 | D:5      | Noticed Sigmund
  3266 | D:5      | Killed Sigmund
  3484 | D:5      | Noticed Ijyb
  3499 | D:5      | Killed Ijyb
  3794 | D:6      | Noticed Dowan
  3795 | D:6      | Noticed Duvessa
  3841 | D:6      | Killed Dowan
  3857 | D:6      | Killed Duvessa
  3858 | D:6      | Reached skill level 1 in Throwing
  3858 | D:6      | Reached skill level 10 in Unarmed Combat
  3958 | D:6      | Reached skill level 1 in Dodging
  3977 | D:6      | Your ally Duvessa died
  3981 | D:6      | Reached XP level 9. HP: 30/81 MP: 9/9
  4110 | D:6      | Found a staircase to the Ecumenical Temple.
  4195 | D:6      | Noticed Pikel
  4211 | D:6      | Your ally Dowan died
  4226 | D:6      | Killed Pikel
  4443 | D:6      | Reached **** piety under Yredelemnul
  4562 | D:6      | Reached ***** piety under Yredelemnul
  5061 | D:7      | Identified the +0 pair of boots of the Morning Star {rF-
                  | rN++}
  5434 | D:7      | Reached skill level 11 in Unarmed Combat
  5935 | D:8      | Reached XP level 10. HP: 100/100 MP: 10/10
  6037 | D:8      | Noticed an orange demon
  6165 | D:8      | Upgraded the game from 0.30.0 to 0.30.0-3-ga4e48a9924
  6223 | D:8      | Noticed Amaemon
  6365 | D:8      | Killed Amaemon
  6442 | D:8      | Killed an orange demon
  6671 | D:8      | Noticed Prince Ribbit
  6697 | D:8      | Killed Prince Ribbit
  6803 | D:8      | Noticed Joseph
  6828 | D:8      | Killed Joseph
  7004 | D:9      | Reached skill level 12 in Unarmed Combat
  7049 | D:9      | Reached XP level 11. HP: 81/109 MP: 11/11
  7149 | D:9      | Reached skill level 5 in Dodging
  7170 | D:9      | Paralysed by a hornet for 1 turns
  7547 | D:9      | Found a staircase to the Lair.
  7789 | D:9      | Found Wifyat's Weapon Shoppe.
  7799 | D:9      | Bought 2 throwing nets for 90 gold pieces
  7858 | D:9      | Reached skill level 5 in Throwing
  8115 | D:10     | Entered Level 10 of the Dungeon
  8197 | D:10     | Found a staircase to the Orcish Mines.
  8282 | D:10     | Found a flagged portal.
  8295 | Bailey   | Entered a bailey
  8457 | Bailey   | Reached skill level 13 in Unarmed Combat
  8526 | Bailey   | Noticed a vault guard
  8540 | Bailey   | Killed a vault guard
  8566 | Bailey   | Reached XP level 12. HP: 37/119 MP: 12/14
  8635 | Bailey   | Noticed a vault guard
  8646 | Bailey   | Killed a vault guard
  9196 | D:11     | Noticed a two-headed ogre
  9206 | D:11     | Killed a two-headed ogre
  9397 | D:11     | Noticed a two-headed ogre
  9400 | D:11     | Killed a two-headed ogre
  9845 | D:11     | Noticed Snorg
  9849 | D:11     | Noticed an ogre mage
  9863 | D:11     | Reached skill level 5 in Invocations
  9866 | D:11     | Noticed a stone giant
  9867 | D:11     | HP: 5/120 [Snorg (25)]
  9867 | D:11     | Slain by Snorg

Illustrated notes

Levels and vault maps discovered:
D:1:      roderic_chinese_lattice_arrival, layout_basic,
          ebering_ecumenical_altar_mist
D:2:      layout_rooms, serial_shops, nicolae_shop_tiny_real_fake_doors,
          minmay_three_crescents
D:3:      layout_rooms, mainiacjoe_overflow_catwalk_spiral,
          nicolae_grassy_gnolls, uniq_robin
D:4:      layout_gridville, chequers_serial_rivers_room_b,
          nicolae_shop_i_like_small_books_too,
          hangedman_abyss_or_decor_lesser_grid, kennysheep_generic_room_10,
          uniq_menkaure
D:5:      layout_gridville, kennysheep_small_circle, uniq_sigmund, uniq_grinder,
          uniq_ijyb, uniq_edmund
D:6:      minmay_goblin_kobold_castle, layout_loops_ring,
          minmay_temple_entry_gardened_gates, serial_bayou, serial_bayou_pond_d,
          serial_bayou_pond_e, serial_bayou_crossing, serial_bayou_shore_b,
          serial_bayou_shore_a, serial_bayou_lagoon_b,
          nicolae_concentric_dashed_squares_mild, uniq_pikel, uniq_duvessa
D:7:      layout_gridville
D:8:      layout_rooms, eino_small_chamber_without_monster, uniq_prince_ribbit1,
          uniq_amaemon, uniq_joseph
D:9:      layout_grid_maze, hellmonk_lair_entry_icy, serial_undead,
          serial_undead_e, serial_undead_c, serial_undead_b, serial_undead_e,
          serial_undead_a, serial_undead_f, serial_shops, shop
D:10:     layout_gridville, orc_0_dummy, enter_bailey_3
D:11:     minmay_tearing_corner, layout_irregular_city, serial_co_window_serial,
          co_window_paths_a, co_window_paths_b, co_window_paths_b,
          co_window_corner_a, co_window_corner_a, co_window_of_opportunity_a,
          co_window_paths_b, co_window_paths_c, co_window_corner_ca,
          co_window_of_opportunity_b, glass_columns_a, glass_columns_c,
          glass_columns_b, glass_columns_a, glass_columns_a, uniq_snorg

Skill      XL: |  1  2  3  4  5  6  7  8  9 10 11 12 |
---------------+-------------------------------------+-----
Unarmed Combat | 5 6 7 8 10 11 12 13 | 13.5
Fighting       | 2 4 5 6 7 8 |  8.2
Throwing       | 1 3 4 5 6 |  6.3
Dodging        | 1 2 4 6 |  6.9
Evocations     | 2 3 4 |  4.6
Invocations    | 2 4 5 |  5.0
Polearms       | |  1.0
Spellcasting   | |  1.0

Action                     |  1- 3 |  4- 6 |  7- 9 | 10-12 || total
---------------------------+-------+-------+-------+-------++-------
  Melee: Unarmed           |    86 |   118 |   320 |   444 ||   968
         Punch             |     1 |     1 |    14 |    44 ||    60
  Throw: Stone             |       |     2 |       |     3 ||     5
 Invoke: Recall Undead Har |       |       |       |     2 ||     2
         Dark Bargain      |       |       |       |     2 ||     2
         Bind Soul         |       |       |       |     1 ||     1
  Evoke: Wand              |       |       |       |     3 ||     3
    Use: Scroll            |       |     1 |       |    13 ||    14
         Potion            |       |       |     3 |     3 ||     6
   Stab: Distracted        |       |       |     5 |     2 ||     7
         Sleeping          |       |       |       |     2 ||     2
 Armour: Robe              |    28 |    23 |    52 |    76 ||   179
  Dodge: Dodged            |    35 |    68 |   193 |   170 ||   466
  Block: Other             |       |       |       |    93 ||    93
         Reflection        |       |       |       |     4 ||     4
